 Dungeon Crawl Stone Soup version 0.26.1-11-gd32895ea62 (webtiles) character file.

Game seed: 17741957026099514166

122969 Almogavar the Warrior (level 16, -11/110 HPs)
             Began as a Gargoyle Fighter on Apr 30, 2021.
             Was the Champion of the Shining One.
             Mangled by a jumping spider (13 damage)
             ... on level 2 of the Spider Nest on May 1, 2021.
             The game lasted 02:17:32 (35841 turns).

Almogavar the Warrior (Gargoyle Fighter)           Turns: 35841, Time: 02:17:34

Health: -11/110    AC: 45    Str: 36    XL:     16   Next: 89%
Magic:  0/18       EV:  3    Int: 23    God:    the Shining One [******]
Gold:   2586       SH:  0    Dex: 18    Spells: 15/15 levels left

rFire    + + .     SeeInvis +   a - +1 whip of Rapn {vorpal, *Noise rF+ Int+4 SInv}
rCold    + + .     Faith    .   c - +1 kite shield
rNeg     + + +     Spirit   +   d - +3 plate armour {rF+}
rPois    ∞         Reflect  .   i - +2 helmet of Julyava {Int+7 Slay+6 SInv}
rElec    +         Harm     .   v - +2 cloak
rCorr    .         Rampage  .   B - +2 pair of gloves {Dex+3}
Will     +....                  S - +1 pair of boots of the Mystics {Str+3}
Stlth    ..........             y - amulet of guardian spirit
HPRegen  0.28/turn              e - +6 ring of dexterity
MPRegen  0.16/turn              Y - ring "Jyfaixkimi" {*Drain rElec rC++ EV-4 Str+9}

@: divine shield, flying, held, glowing
A: big wings, negative energy resistance 1, electricity resistance, unbreathing,
petrification resistance, miasma immunity, AC +12
a: Stop Flying, Renounce Religion, Divine Shield, Cleansing Flame, Summon Divine
Warrior, Brand Weapon With Holy Wrath


You were on level 2 of the Spider Nest.
You worshipped the Shining One.
The Shining One was exalted by your worship.
You visited 4 branches of the dungeon, and saw 25 of its levels.
You visited the Abyss 1 time.
You also visited: Ossuary and Gauntlet.

You collected 2811 gold pieces.
You spent 225 gold pieces at shops.

Inventory:

Hand Weapons
 a - the +1 whip of Rapn (weapon) {vorpal, *Noise rF+ Int+4 SInv}
   (You found it on level 5 of the Dungeon)

   It inflicts extra damage upon your enemies.
   It affects your intelligence (+4).
   It protects you from fire.
   It lets you see invisible.
   It may make noises in combat.
 g - a +4 shortbow of freezing
 w - a +7 hand crossbow of freezing
 T - the +5 arbalest of Vukubep {flame, +Blink Will+ Str-2}
   (You found it on level 4 of the Lair of Beasts)

   It causes projectiles fired from it to burn those they strike, causing extra
   injury to most foes and up to half again as much damage against particularly
   susceptible opponents.
   It affects your strength (-2).
   It affects your willpower, your defense against some magical effects.
   It lets you blink.
Missiles
 f - 135 bolts
 r - 623 arrows
Armour
 c - a +1 kite shield (worn)
 d - a +3 plate armour of fire resistance (worn)
 i - the +2 helmet of Julyava (worn) {Int+7 Slay+6 SInv}
   (You found it on level 6 of the Lair of Beasts)

   It affects your intelligence (+7).
   It affects your accuracy and damage with ranged weapons and melee attacks
   (+6).
   It lets you see invisible.
 v - a +2 cloak (worn)
 B - a +2 pair of gloves of dexterity (worn)
 S - the +1 pair of boots of the Mystics (worn) {Str+3}
   (You acquired it on level 12 of the Dungeon)

   It affects your strength (+3).
Jewellery
 e - a +6 ring of dexterity (left hand)
 o - an uncursed ring of protection from cold
 s - an uncursed ring of protection from fire
 u - a +4 ring of protection
 x - an uncursed amulet of reflection
 y - an amulet of guardian spirit (around neck)
 E - an uncursed amulet of regeneration
 I - an uncursed ring of resist corrosion
 W - a +4 ring of slaying
 X - the amulet of Xom's Malicious Joy {RegenMP rC++ Str+2 Int-3}
   (You found it in a Gauntlet)

   [amulet of magic regeneration]

   It increases your magic regeneration.
   It affects your strength (+2).
   It affects your intelligence (-3).
   It greatly protects you from cold.
 Y - the ring "Jyfaixkimi" (right hand) {*Drain rElec rC++ EV-4 Str+9}
   (You found it in a Gauntlet)

   [ring of evasion]

   It affects your evasion (-4).
   It affects your strength (+9).
   It greatly protects you from cold.
   It insulates you from electricity.
   It causes draining when unequipped.
 Z - a +4 ring of evasion
Wands
 l - a wand of disintegration (17)
 z - a wand of digging (10)
 C - a wand of polymorph (13)
 G - a wand of acid (39)
 N - a wand of iceblast (27)
Scrolls
 b - a scroll of brand weapon
 h - 3 scrolls of identify
 n - 5 scrolls of fog
 t - 18 scrolls of teleportation
 D - 4 scrolls of fear
 F - 4 scrolls of magic mapping
 H - 4 scrolls of blinking
 J - 4 scrolls of remove curse
 K - a scroll of silence
 R - a scroll of holy word
 U - a scroll of summoning
Potions
 j - 9 potions of heal wounds
 m - 9 potions of curing
 A - 5 potions of haste
 L - 3 potions of might
 M - 2 potions of berserk rage
 P - a potion of cancellation
Miscellaneous
 k - a phantom mirror
 Q - a phial of floods


   Skills:
 + Level 16.1 Fighting
 - Level 12.0 Maces & Flails
 + Level 5.6 Bows
 + Level 7.2 Crossbows
 + Level 14.6 Armour
 + Level 6.1 Dodging
 + Level 4.0 Stealth
 - Level 15.2 Shields
 + Level 3.1 Invocations


You had 15 spell levels left.
You didn't know any spells.
Your spell library contained the following spells:

 Spells                   Type           Power        Failure   Level
 Beastly Appendage        Tmut           0%           54%         1
 Foxfire                  Conj/Fire      0%           54%         1
 Magic Dart               Conj           0%           54%         1
 Sandblast                Erth           0%           54%         1
 Blink                    Tloc           N/A          69%         2
 Call Imp                 Summ           0%           69%         2
 Passwall                 Tmut/Erth      0%           69%         2
 Poisonous Vapours        Pois/Air       0%           69%         2
 Slow                     Hex            0%           69%         2
 Wereblood                Tmut           0%           69%         2
 Conjure Flame            Conj/Fire      0%           89%         3
 Inner Flame              Hex/Fire       0%           89%         3
 Mephitic Cloud           Conj/Pois/Air  0%           89%         3
 Spider Form              Tmut/Pois      0%           89%         3
 Stone Arrow              Conj/Erth      0%           89%         3
 Ice Form                 Ice/Tmut       0%           100%        4
 Petrify                  Tmut/Erth      0%           100%        4
 Sticky Flame             Conj/Fire      0%           100%        4
 Summon Lightning Spire   Summ/Air       0%           100%        4
 Blade Hands              Tmut           0%           100%        5
 Fireball                 Conj/Fire      0%           100%        5
 Lee's Rapid Deconstruct  Erth           0%           100%        5
 Silence                  Hex/Air        0%           100%        5
 Conjure Ball Lightning   Conj/Air       0%           100%        6
 Eringya's Noxious Bog    Tmut/Pois      0%           100%        6
 Tornado                  Air            0%           100%        9


Dungeon Overview and Level Annotations

Branches:
Dungeon (15/15)            Temple (0/1) D:4            Lair (6/6) D:8
 Shoals (0/4) Lair:2       Spider (2/4) Lair:3        Slime (0/5) Lair:6
    Orc (2/2) D:10            Elf (0/3) Orc:2        Vaults (0/5) D:13
 Depths (0/5) D:15        Ossuary (visited)         Gauntlet (visited)

Altars:
Ashenzari
Cheibriados
Dithmenos
Gozag
Hepliaklqana
Kikubaaqudgha
Makhleb
Qazlal
Trog
Vehumet
Yredelemnul
The Shining One

Shops:
D:12 [   D:14 [   D:15 *(!   Orc:2 ([*=

Portals:
Bazaar: Orc:2


Innate Abilities, Weirdness & Mutations

You are resistant to torment.
Your stone body is resilient. (AC +12)
You are immune to poison.
Your large and strong wings let you fly indefinitely.
You resist negative energy. (rN+)
You are resistant to electric shocks. (rElec)
You can survive without breathing.
You are immune to petrification.
You are immune to miasma.


Message History

The jumping spider bites you but does no damage.
The wolf spider hits you but does no damage.
The wolf spider bites you but does no damage.
The jumping spider pounces on you but does no damage.
The jumping spider bites you but does no damage.
You hear an angry hiss.
As you read the scroll of fear, it crumbles to dust.
You assume a fearsome visage.
The moth of wrath looks frightened!
The demonic crawler is unaffected.
The jumping spider pounces on you but does no damage.
The jumping spider bites you but does no damage.
The jumping spider pounces on you but does no damage.
The jumping spider bites you.
* * * LOW HITPOINT WARNING * * *
The wolf spider hits you but does no damage.
The wolf spider bites you!
* * * LOW HITPOINT WARNING * * *
The tarantella bites you but does no damage.
The jumping spider pounces on you!
You die...

#. #...#.... ##...
...#....[.. ......
...#....... ......
.......... .....
.........####...^
........ysy...#
#....s†ss..#
#..^ss@s.###
.########...#
........#^...##
.........#†....#
......^......(.##
.#.........†...^##
#....≈...≈###.†...#
#.≈≈≈≈≈≈≈.#.#..#####
##
#≈≈##≈#≈††^#......#


You could see a demonic crawler, 2 wolf spiders, a moth of wrath (fleeing), a
hornet (berserk), 3 jumping spiders and a tarantella (berserk).

Vanquished Creatures
  An orc warlord (Orc:2)
  An emperor scorpion (Spider:1)
  Nessos (Orc:2)
  A minotaur (Gauntlet)
  Snorg (D:13)
  An ettin (D:15)
  Josephine (D:13)
  2 fire dragons
  4 vault guards (D:13)
  The ghost of Flure the Ripper, a journeyman FeTm of Gozag (Orc:2)
  2 boulder beetles
  9 hydras
  The ghost of Sintarzus the Zephyrmancer, a journeyman TeAE of Vehumet (D:10)
  4 centaur warriors
  A death knight (D:15)
  An alligator (Lair:6)
  10 two-headed ogres
  2 ogre magi
  4 orc high priests
  Nergalle (D:12)
  A swamp dragon (Lair:6)
  An unseen horror (D:13)
  An obsidian statue (Gauntlet)
  A deep troll (D:15)
  10 wolf spiders
  4 lindwurms (Lair:2)
  6 orc knights
  5 orb spiders
  2 cyclopes (Orc:1)
  2 oklob plants (Lair:6)
  5 orc sorcerers
  8 deep elf magi
  A moth of wrath (D:10)
  7 ugly things
  4 manticores
  8 elephants (Lair:4)
  The ghost of manix the Covered, a novice MiFi (D:4)
  5 black mambas
  A gargoyle (D:15)
  A torpor snail (Lair:6)
  10 cane toads
  13 komodo dragons
  A kobold demonologist (D:12)
  5 demonic crawlers
  2 rime drakes (Lair:6)
  An efreet (D:14)
  10 trolls
  4 jumping spiders
  4 hornets
  Prince Ribbit (D:7)
  10 polar bears (Lair:6)
  5 raiju
  6 slime creatures
  11 blink frogs
  4 shadows
  15 redbacks
  10 tarantellas
  A spriggan (D:12)
  2 vampires
  8 wraiths
  59 yaks
  7 wyverns
  9 basilisks
  3 steam dragons
  4 vampire mosquitoes (D:13)
  3 acid dragons (Lair:6)
  24 wargs
  11 hell hounds (Lair:6)
  14 water moccasins
  4 sky beasts
  7 ice beasts
  13 black bears
  35 orc warriors
  3 swamp drakes
  A necrophage (D:12)
  3 phantoms
  16 ogres
  An eye of draining (D:12)
  19 wolves
  10 centaurs
  2 big kobolds
  20 bullfrogs
  A wyvern zombie (D:12)
  A wyvern skeleton (D:10)
  A water moccasin skeleton (D:6)
  A troll zombie (D:10)
  5 scorpions
  18 wights
  22 killer bees
  5 howler monkeys
  5 electric eels
  2 bullfrog zombies
  6 centaur zombies
  6 jellies
  A quasit (D:5)
  9 hounds
  21 orc priests
  Crazy Yiuf (D:4)
  2 human zombies (Ossuary)
  24 orc wizards
  4 centaur skeletons
  2 bullfrog skeletons
  10 iguanas
  7 worker ants
  Natasha (thrice) (D:4)
  A lightning spire (Gauntlet)
  A big kobold zombie (Ossuary)
  5 ogre zombies (D:10)
  2 hound zombies
  4 hound skeletons
  3 mummies (Ossuary)
  4 worker ant zombies
  9 gnolls
  14 adders
  2 shadow imps
  3 white imps
  2 ufetubi
  2 oozes (D:4)
  5 adder zombies (Ossuary)
  3 adder skeletons
  2 worms
  A dart slug (D:2)
  7 leopard geckos
  105 orcs
  7 giant cockroaches
  2 gnoll zombies (Ossuary)
  3 hobgoblins
  22 jackals
  15 kobolds
  7 quokkas
  2 ball pythons
  6 bats
  3 frilled lizards
  A giant cockroach zombie (D:5)
  6 goblins
  3 goblin zombies
  2 hobgoblin skeletons (D:10)
  7 hobgoblin zombies
  2 jackal skeletons
  4 jackal zombies (Ossuary)
  3 kobold zombies (Ossuary)
  An orc skeleton (D:10)
  13 orc zombies
  3 quokka skeletons
  3 quokka zombies (Ossuary)
  6 rats
  3 rat zombies (Ossuary)
970 creatures vanquished.

Vanquished Creatures (others)
  2 orc knights (Orc:2)
  A cyclops (Orc:2)
  A gargoyle (D:12)
  A basilisk (D:10)
  A soldier ant (D:10)
  3 orc warriors (Orc:2)
  An ogre (Orc:2)
  A killer bee (D:10)
  An electric eel (D:14)
  An orc priest (Orc:2)
  2 orc wizards (Orc:2)
  10 orcs
  A bush (Lair:6)
  32 fungi
  76 plants
134 creatures vanquished.

Grand Total: 1104 creatures vanquished

Notes
Turn   | Place    | Note
-------+----------+-------------------------------------------
     0 | D:1      | Almogavar the Gargoyle Fighter began the quest for the Orb.
     0 | D:1      | Reached XP level 1. HP: 14/14 MP: 1/1
    75 | D:1      | Reached XP level 2. HP: 17/19 MP: 2/2
   369 | D:1      | Reached XP level 3. HP: 15/23 MP: 3/3
  1095 | D:2      | Found a burning altar of Makhleb.
  1097 | D:2      | Found a radiant altar of Vehumet.
  1178 | D:2      | Reached XP level 4. HP: 21/29 MP: 4/4
  1856 | D:2      | Found a faded altar of an unknown god.
  1911 | D:2      | Reached XP level 5. HP: 33/33 MP: 5/5
  2393 | D:3      | Found a broken altar of Ashenzari.
  2425 | D:3      | Found a glowing golden altar of the Shining One.
  2433 | D:3      | Became a worshipper of the Shining One
  2457 | D:3      | Found a stormy altar of Qazlal.
  2479 | D:3      | Reached skill level 5 in Shields
  2547 | D:3      | Found a snail-covered altar of Cheibriados.
  2643 | D:3      | Found an opulent altar of Gozag.
  2643 | D:3      | Found a shadowy altar of Dithmenos.
  2644 | D:3      | Found an ancient bone altar of Kikubaaqudgha.
  2874 | D:4      | Reached XP level 6. HP: 38/38 MP: 6/6
  3014 | D:4      | Found a staircase to the Ecumenical Temple.
  3068 | D:4      | Found a basalt altar of Yredelemnul.
  3133 | D:4      | Noticed Natasha
  3140 | D:4      | Killed Natasha
  3246 | D:4      | Found a transporter.
  3247 | D:4      | Noticed manix's ghost (novice MiFi)
  3248 | D:4      | Found a transporter.
  3295 | D:4      | Noticed Natasha
  3305 | D:4      | Killed Natasha
  3452 | D:4      | Reached skill level 4 in Fighting
  3490 | D:4      | Reached * piety under the Shining One
  3532 | D:4      | Noticed Natasha
  3541 | D:4      | Killed Natasha
  3542 | D:4      | Reached skill level 1 in Dodging
  3618 | D:4      | Reached XP level 7. HP: 32/43 MP: 7/7
  4121 | D:4      | Found a runed translucent door.
  4122 | D:4      | Noticed Crazy Yiuf
  4128 | D:4      | Killed Crazy Yiuf
  4304 | D:4      | Killed manix's ghost
  4305 | D:4      | Reached skill level 5 in Maces & Flails
  4305 | D:4      | Reached skill level 5 in Armour
  4305 | D:4      | Reached skill level 1 in Stealth
  4546 | D:4      | Reached XP level 8. HP: 32/48 MP: 8/8
  4819 | D:5      | Entered Level 5 of the Dungeon
  4848 | D:5      | Reached skill level 5 in Fighting
  5348 | D:5      | Got a jewelled whip
  5349 | D:5      | Identified the cursed +1 whip of Rapn {vorpal, *Noise rF+
                  | Int+4 SInv} (You found it on level 5 of the Dungeon)
  5591 | D:5      | Reached ** piety under the Shining One
  5671 | D:5      | Reached XP level 9. HP: 48/54 MP: 9/9
  6547 | D:6      | Found a sand-covered staircase.
  6556 | Ossuary  | Entered an ossuary
  6585 | Ossuary  | Reached *** piety under the Shining One
  6683 | Ossuary  | Reached **** piety under the Shining One
  7422 | D:7      | Reached ***** piety under the Shining One
  7539 | D:7      | Noticed Prince Ribbit
  7552 | D:7      | Killed Prince Ribbit
  7553 | D:7      | Reached skill level 6 in Fighting
  7910 | D:7      | Found a bloodstained altar of Trog.
  7911 | D:7      | Found a hazy altar of Hepliaklqana.
  8391 | D:8      | Noticed a two-headed ogre
  8574 | D:8      | Noticed a komodo dragon
  8576 | D:8      | Reached XP level 10. HP: 61/61 MP: 10/10
  8779 | D:8      | Found a staircase to the Lair.
  9180 | D:8      | Reached skill level 7 in Fighting
 10127 | D:10     | Entered Level 10 of the Dungeon
 10162 | D:10     | Found a transporter.
 10167 | D:10     | Noticed Sintarzus's ghost (journeyman TeAE)
 10189 | D:10     | Found a transporter.
 10189 | D:10     | Cast into level 1 of the Abyss (wight)
 10208 | D:10     | Escaped the Abyss
 10240 | D:10     | Reached skill level 10 in Maces & Flails
 10240 | D:10     | Reached XP level 11. HP: 67/67 MP: 11/11
 10251 | D:10     | Noticed a moth of wrath
 10333 | D:10     | Reached skill level 10 in Shields
 10736 | D:10     | Reached ****** piety under the Shining One
 10879 | D:10     | Found a staircase to the Orcish Mines.
 11515 | D:10     | Reached skill level 8 in Fighting
 11526 | D:10     | Killed a moth of wrath
 11669 | D:10     | Killed Sintarzus's ghost
 11858 | Orc:1    | Entered Level 1 of the Orcish Mines
 11861 | Orc:1    | Noticed a cyclops
 11882 | Orc:1    | Killed a cyclops
 12090 | Orc:2    | Entered Level 2 of the Orcish Mines
 12188 | Orc:2    | Noticed an orc knight
 12229 | Orc:1    | Killed an orc knight
 12278 | Orc:2    | Noticed an orc knight
 12414 | Orc:1    | Killed an orc knight
 12455 | Orc:2    | Noticed an orc sorcerer
 12486 | Orc:1    | Killed an orc sorcerer
 12560 | Orc:2    | Reached XP level 12. HP: 62/75 MP: 12/12
 12636 | Orc:2    | Found a large runed translucent door.
 12637 | Orc:2    | Found a large runed translucent door.
 12639 | Orc:2    | Noticed Flure's ghost (journeyman FeTm)
 12804 | Orc:2    | Noticed Nessos
 12900 | Orc:2    | Killed Nessos
 12901 | Orc:2    | Reached skill level 1 in Invocations
 13068 | Orc:2    | Found a staircase to the Elven Halls.
 13074 | Orc:2    | Found a gateway to a bazaar.
 13212 | Orc:2    | Noticed an orc warlord
 13462 | Orc:1    | Reached skill level 1 in Bows
 13500 | Orc:1    | Noticed a sun demon
 13830 | Orc:1    | Reached skill level 9 in Fighting
 13998 | Orc:2    | The Shining One protects you from harm!
 14015 | Orc:2    | Killed an orc warlord
 14348 | Orc:2    | Noticed an orc high priest
 14375 | Orc:2    | Noticed an orc high priest
 14379 | Orc:2    | Killed an orc high priest
 14396 | Orc:2    | Noticed a sun demon
 14714 | Orc:2    | Noticed a soul eater
 14727 | Orc:1    | Killed an orc high priest
 15010 | Orc:2    | Noticed an orc high priest
 15038 | Orc:2    | Noticed an orc high priest
 15779 | D:10     | HP: 3/76 [orc high priest/divine providence (11)]
 15784 | D:10     | Killed an orc high priest
 16709 | Orc:2    | Killed an orc high priest
 16710 | Orc:2    | Reached XP level 13. HP: 80/80 MP: 14/14
 16854 | Orc:2    | Paralysed by an orc sorcerer for 5 turns
 17068 | Orc:2    | Reached skill level 5 in Bows
 17124 | Orc:2    | Found Tisuog's Antique Armour Shop.
 17125 | Orc:2    | Found Hyaq's Antique Weapon Shop.
 17127 | Orc:2    | Found Annussomuun's General Store.
 17127 | Orc:2    | Found Waoqath's Jewellery Boutique.
 17132 | Orc:2    | Bought a +0 hand crossbow for 38 gold pieces
 17333 | Orc:2    | Killed Flure's ghost
 17643 | Orc:2    | Reached skill level 1 in Crossbows
 18180 | Lair:1   | Entered Level 1 of the Lair of Beasts
 18826 | Lair:1   | Reached skill level 10 in Fighting
 19670 | Lair:2   | Found a staircase to the Shoals.
 20998 | Lair:2   | Identified the Compendium of Mutagenic Envenoming
 21448 | Lair:3   | Found a hole to the Spider Nest.
 21462 | Lair:3   | Reached skill level 10 in Armour
 21547 | Lair:3   | Gained mutation: Your large and strong wings let you fly
                  | indefinitely. [Gargoyle growth]
 21547 | Lair:3   | Reached XP level 14. HP: 85/88 MP: 15/15
 23521 | Lair:4   | Got a transparent arbalest
 23527 | Lair:4   | Identified the +5 arbalest of Vukubep {flame, +Blink Will+
                  | Str-2} (You found it on level 4 of the Lair of Beasts)
 23679 | Lair:4   | Reached skill level 5 in Crossbows
 23902 | Lair:4   | Found a bloodstained altar of Trog.
 24237 | Lair:4   | Reached skill level 15 in Shields
 24266 | Lair:5   | Reached skill level 11 in Fighting
 24345 | Lair:5   | Found a gate leading to a gauntlet.
 24354 | Gauntlet | Entered a Gauntlet
 24354 | Gauntlet | Found a transporter.
 24354 | Gauntlet | Found a transporter.
 24354 | Gauntlet | Found a transporter.
 24355 | Gauntlet | Found a transporter.
 24359 | Gauntlet | Found a transporter.
 24361 | Gauntlet | Found a large runed translucent door.
 24362 | Gauntlet | Found a large runed translucent door.
 24363 | Gauntlet | Found a large runed translucent door.
 24363 | Gauntlet | Found a large runed translucent door.
 24363 | Gauntlet | Found a runed translucent door.
 24364 | Gauntlet | Found a large runed translucent door.
 24369 | Gauntlet | Found a large runed translucent door.
 24370 | Gauntlet | Found a large runed translucent door.
 24371 | Gauntlet | Found a large runed translucent door.
 24372 | Gauntlet | Found a runed translucent gate.
 24374 | Gauntlet | Found a transporter.
 24450 | Gauntlet | Found a transporter.
 24470 | Gauntlet | Found a transporter.
 24484 | Gauntlet | Found a transporter.
 24502 | Gauntlet | Found a transporter.
 24516 | Gauntlet | Found a transporter.
 24518 | Gauntlet | Found a large runed translucent door.
 24519 | Gauntlet | Found a large runed translucent door.
 24520 | Gauntlet | Found a large runed translucent door.
 24520 | Gauntlet | Found a large runed translucent door.
 24521 | Gauntlet | Found a runed translucent gate.
 24522 | Gauntlet | Found a large runed translucent door.
 24522 | Gauntlet | Found a large runed translucent door.
 24522 | Gauntlet | Found a runed translucent door.
 24523 | Gauntlet | Found a large runed translucent door.
 24524 | Gauntlet | Found a large runed translucent door.
 24525 | Gauntlet | Found a runed translucent gate.
 24525 | Gauntlet | Found a transporter.
 24642 | Gauntlet | Got a heavily runed brass amulet
 24660 | Gauntlet | Identified the amulet of Xom's Malicious Joy {RegenMP rC++
                  | Str+2 Int-3} (You found it in a Gauntlet)
 24730 | Gauntlet | Got a slimy bronze ring
 24740 | Gauntlet | Identified the cursed ring "Jyfaixkimi" {*Drain rElec rC++
                  | EV-4 Str+9} (You found it in a Gauntlet)
 25524 | Lair:5   | Got a steaming rapier
 25525 | Lair:5   | Identified the +8 rapier of the Freezing Moth {vorpal,
                  | rPois rF+} (You found it on level 5 of the Lair of Beasts)
 25701 | Lair:6   | Entered Level 6 of the Lair of Beasts
 26431 | Lair:6   | Reached XP level 15. HP: 65/96 MP: 17/17
 26651 | Lair:6   | Reached skill level 12 in Fighting
 27424 | Lair:6   | Found a staircase to the Slime Pits.
 27750 | Lair:6   | Got a fading helmet
 27770 | Lair:6   | Identified the +2 helmet of Julyava {Int+7 Slay+6 SInv}
                  | (You found it on level 6 of the Lair of Beasts)
 28003 | Lair:6   | Reached skill level 5 in Dodging
 28765 | D:11     | Reached skill level 13 in Fighting
 29120 | D:12     | Found Dosemmacs's Antique Armour Shop.
 29183 | D:12     | Noticed Nergalle
 29190 | D:12     | Killed Nergalle
 30620 | D:12     | Identified a scroll of acquirement
 30621 | D:12     | Acquired the +1 pair of boots of the Mystics {Str+3}
 31042 | D:13     | Found a gate to the Vaults.
 31091 | D:13     | Reached skill level 14 in Fighting
 31369 | D:13     | Noticed Josephine
 31380 | D:13     | Killed Josephine
 31381 | D:13     | Reached XP level 16. HP: 106/106 MP: 18/18
 31519 | D:13     | Noticed Snorg
 31532 | D:13     | Killed Snorg
 32108 | D:14     | Found Moicefom's Antique Armour Boutique.
 32157 | D:14     | Identified the amulet "Womun" {Faith rN+ Int+6}
 32512 | D:15     | Entered Level 15 of the Dungeon
 32695 | D:15     | Reached skill level 15 in Fighting
 32990 | D:15     | Found Kecwid's Distillery.
 33075 | D:15     | Found an opulent altar of Gozag.
 33114 | D:15     | Found a staircase to the Depths.
 33181 | D:15     | Found Yfios's Antique Weapon Boutique.
 33184 | D:15     | Found Wufeotze's Assorted Antiques.
 33530 | D:15     | Bought an embroidered cloak for 187 gold pieces
 34049 | Spider:1 | Entered Level 1 of the Spider Nest
 35683 | Spider:2 | Reached skill level 16 in Fighting
 35841 | Spider:2 | HP: 2/110 [wolf spider (13)]
 35841 | Spider:2 | Mangled by a jumping spider

Illustrated notes

Levels and vault maps discovered:
D:1:      amcnicky_arrival_choice, layout_loops_ring, serial_bayou_lagoon_b
D:2:      layout_basic, minitemple, chequers_ecumenical_altar_simple
D:3:      layout_basic, lemuel_coloured_pillars_altar,
          overflow_temple_1_default, grunt_temple_overflow_open
D:4:      layout_basic, overflow_temple_1_default,
          minmay_temple_entry_mini_moons, gammafunk_ghost_smash,
          serial_corexii_hall, corexii_hall_statues_x, corexii_hall_statues_i,
          chequers_hall_statues_corner_a, chequers_hall_statues_corner_a,
          minmay_parallelograms, uniq_crazy_yiuf_cottage, uniq_natasha
D:5:      layout_basic
D:6:      layout_cave_pods, enter_ossuary_1
D:7:      layout_basic, gammafunk_temple_overflow_statue, uniq_prince_ribbit1
D:8:      statuecave_lemuel, layout_basic, erik_lair_dragon,
          corexii_checkpoint_b, lightli_corner_chamber
D:9:      layout_rooms
D:10:     minmay_slanted_spiral_squares, layout_cave_pools, zombieorc1_lemuel,
          serial_rivers, chequers_serial_rivers_marsh,
          chequers_serial_rivers_small_b, chequers_serial_rivers_small_a,
          chequers_serial_rivers_marsh, chequers_serial_rivers_micro_a,
          gammafunk_ghost_berserking_beasts
D:11:     layout_rooms
D:12:     lemuel_castle_with_subvaults [lemuel_castle_interior_original],
          layout_irregular_city, serial_shops, shop, the_bakery, uniq_nergalle
D:13:     layout_irregular_city, lightli_vaults_fourway_checkpoint,
          uniq_josephine, uniq_snorg
D:14:     layout_big_octagon, serial_shops, shop_coins,
          hangedman_abyss_or_decor_clamps, lemuel_freeze_loot_1
D:15:     hangedman_depths_entry_civil_slaughter, layout_basic, serial_shops,
          nicolae_shop_window_shopping, shop, shop, serial_bayou_shore_a,
          grunt_gozag_statues
Lair:1:   layout_loops_ring, st_stairs_10
Lair:2:   cheibrodos_lair_river_kwai, layout_regular_city,
          elwin_shoals_entry_rocks, chequers_serial_rivers_large_b,
          serial_bayou_pond_c, cheibrodos_lair_caveside_slide, st_stairs_10,
          minmay_lindwurm_lava
Lair:3:   layout_gridlike, spider_nest_entry_a, infiniplex_staircase_pool_2
Lair:4:   layout_cellular_growth, lemuel_centaur_altar, grunt_megastairs_4
Lair:5:   dragon1_lemuel, layout_big_grid, gauntlet_entry_generic
Lair:6:   hangedman_lair_caniforms_friends, layout_regular_city,
          guppyfry_lair_end_dragon, minmay_slime_entry_pillars,
          patterned_corridor, lemuel_fruit_tree, grunt_megastairs_2,
          minmay_lair_oklob_chamber
Spider:1: layout_chambers
Spider:2: layout_spider_delve, nicolae_spider_nook, nicolae_spider_cling_ruins
Orc:1:    layout_caves, elves_outpost_lemuel
Orc:2:    st_orc_congregation, layout_diamond_mine, ebering_ghost_disaster_area,
          serial_shops, freezing_bzr, uniq_nessos

Skill      XL: |  1  2  3  4  5  6  7  8  9 10 11 12 13 14 15 16 |
---------------+-------------------------------------------------+-----
Shields        | 4 5 6 8 9 11 13 14 15 | 15.2
Maces & Flails | 3 4 6 7 8 10 11 12 | 12.0
Armour         | 4 5 6 7 8 9 10 11 13 14 | 14.6
Fighting       | 4 5 6 7 8 9 10 11 14 16 | 16.1
Dodging        | 1 2 3 4 5 6 |  6.1
Stealth        | 1 2 3 4 |  4.0
Invocations    | 1 2 3 |  3.1
Bows           | 3 5 |  5.6
Crossbows      | 4 6 7 |  7.2

Action                   |  1- 3 |  4- 6 |  7- 9 | 10-12 | 13-15 | 16-18 || total
-------------------------+-------+-------+-------+-------+-------+-------++-------
Melee: Flail             |    72 |   202 |   108 |       |       |       ||   382
       Whip              |       |       |   481 |  1641 |  2504 |   699 ||  5325
 Fire: Longbow           |       |       |       |   104 |    50 |       ||   154
       Hand crossbow     |       |       |       |       |   217 |    18 ||   235
       Arbalest          |       |       |       |       |    18 |       ||    18
Invok: Divine Shield     |       |       |       |    13 |     9 |     1 ||    23
 Abil: Fly               |       |       |       |       |     1 |       ||     1
Evoke: Wand              |       |       |       |       |     1 |       ||     1
  Use: Scroll            |       |     4 |    10 |    13 |    20 |     8 ||    55
       Potion            |       |       |       |     8 |     1 |     1 ||    10
Armor: Scale mail        |    40 |   110 |     2 |       |       |       ||   152
       Chain mail        |       |       |   194 |   519 |       |       ||   713
       Plate armour      |       |       |       |    95 |   920 |   346 ||  1361
Dodge: Dodged            |    25 |    63 |   115 |   384 |   448 |   152 ||  1187
Block: Kite shield       |    41 |   131 |   358 |  1007 |  1612 |   470 ||  3619
       Reflection        |       |       |     7 |    13 |     4 |       ||    24
       Other             |       |       |       |    80 |    84 |       ||   164
